 Dungeon Crawl Stone Soup version 0.21.0-3-g78d12a8 (webtiles) character file.

61 Faca the Skirmisher (level 4, 0/37 HPs)
             Began as a Formicid Fighter on Jan 17, 2018.
             Slain by Sigmund
             ... wielding a +0 scythe
              (4 damage)
             ... on level 2 of the Dungeon.
             The game lasted 00:02:42 (1323 turns).

Faca the Skirmisher (Formicid Fighter)              Turns: 1323, Time: 00:02:43

Health: 0/37       AC:  6    Str: 20    XL:     4   Next: 27%
Magic:  4/4        EV:  7    Int:  8    God:
Gold:   116        SH:  0    Dex: 11    Spells: 3/3 levels left

rFire    . . .     SeeInvis +   a - +0 war axe
rCold    . . .     Gourm    .   c - +0 shield
rNeg     . . .     Faith    .   b - +0 scale mail
rPois    .         Spirit   .   (helmet unavailable)
rElec    .         Reflect  .   (no cloak)
rCorr    .         Harm     .   (no gloves)
MR       .....                  (no boots)
Stlth    ..........             (no amulet)
HPRegen  0.12/turn              (no ring)
MPRegen  0.09/turn              (no ring)

@: confused
A: permanent stasis, dig shafts and tunnels, four strong arms, antennae 3
a: Dig, Shaft Self


You were on level 2 of the Dungeon.
You were not hungry.

You visited 1 branch of the dungeon, and saw 2 of its levels.

You collected 116 gold pieces.

Inventory:

Hand Weapons
 a - a +0 war axe (weapon)
Armour
 b - a +0 scale mail (worn)
 c - a +0 shield (worn)
Jewellery
 e - an uncursed amulet of faith
Scrolls
 j - a scroll of immolation {unknown}
 k - 2 scrolls of identify {unknown}
 l - a scroll of teleportation {unknown}
 m - a scroll of magic mapping {unknown}
Potions
 d - a potion of might
Comestibles
 f - a ration


   Skills:
 + Level 4.0 Fighting
 * Level 3.6 Axes
 - Level 3.2 Armour
 - Level 3.6 Shields


You had 3 spell levels left.
You didn't know any spells.

Dungeon Overview and Level Annotations

Branches:
Dungeon (2/15)

Altars:
Qazlal

Annotations:
D:2 Sigmund


Innate Abilities, Weirdness & Mutations

You cannot be hasted, slowed, berserked, paralysed or teleported.
You can dig through walls and to a lower floor.
Your four strong arms can wield two-handed weapons with a shield.
You have a pair of large antennae on your head. (SInv)


Message History

Sigmund barely misses you.
You completely miss Sigmund.
Sigmund is heavily wounded.
You block Sigmund's attack.
You barely miss Sigmund.
Sigmund is heavily wounded.
Sigmund hits you but does no damage.
You closely miss Sigmund.
Sigmund is heavily wounded.
Sigmund says, "Look into my eyes."
Sigmund hits you with a scythe.
* * * LOW HITPOINT WARNING * * *
You barely miss Sigmund.
Sigmund is heavily wounded.
Sigmund gestures at you while chanting.
You are confused.
Sigmund barely misses you.
You're too confused to move!
Sigmund hits you from afar with a scythe.
You die...

#.# #..# #####'### #.#
##.# #.# #.# #.## #.#
#.# #..# #.# ####.#
##.######.# #....#
#.....##.### #....#
#..##.##.##.
+..@.#######.##.##.##.
#.##.@.......##.##.##.
#.##########..#.##.##.
#)....... #..........
#.....#####
#....##.### #.....+
#.#..##.# #.....#
#.#..##.# #.#....
#.รท..##.# ###.....
####..#.# #......
##.#.#


You could see Sigmund.

Vanquished Creatures
  An ooze (D:1)
  5 dart slugs
  A leopard gecko (D:2)
  A ball python (D:1)
  6 bats (D:1)
  A giant cockroach (D:2)
  5 goblins
  8 hobgoblins
  6 kobolds
  A quokka (D:2)
  6 frilled lizards
  3 rats
44 creatures vanquished.

Notes
Turn   | Place    | Note
-------+----------+-------------------------------------------
     0 | D:1      | Faca the Formicid Fighter began the quest for the Orb.
     0 | D:1      | Reached XP level 1. HP: 18/18 MP: 1/1
   121 | D:1      | Reached XP level 2. HP: 16/24 MP: 2/2
   292 | D:1      | Reached XP level 3. HP: 21/30 MP: 3/3
  1046 | D:2      | Found a stormy altar of Qazlal.
  1087 | D:2      | Reached XP level 4. HP: 31/37 MP: 4/4
  1123 | D:2      | Reached skill level 4 in Fighting
  1290 | D:2      | Noticed Sigmund
  1323 | D:2      | Slain by Sigmund

Skill      XL: |  1  2  3  4 |
---------------+-------------+-----
Axes           | 3 |  3.6
Fighting       | 4 |  4.0
Armour         | |  3.2
Shields        | |  3.6

Action                   |  1- 3 |  4- 6 || total
-------------------------+-------+-------++-------
Melee: War axe           |    99 |    42 ||   141
 Abil: Dig               |     1 |       ||     1
  Use: Scroll            |       |     3 ||     3
  Eat: Chunk             |     1 |       ||     1
       Ration            |       |     1 ||     1
Armor: Scale mail        |    52 |    26 ||    78
Dodge: Dodged            |    36 |    21 ||    57
Block: Shield            |    62 |    28 ||    90
